 Dungeon Crawl Stone Soup version 0.31-a0-344-gd109795599 (webtiles) character file.

Game seed: 9491186563982817908

176 drugrobin the Cudgeller (level 5, -1/42 HPs)
             Began as a Demigod Delver on July 21, 2023.
             Slain by a killer bee (7 damage)
             ... on level 4 of the Dungeon.
             The game lasted 00:07:04 (2499 turns).

drugrobin the Cudgeller (Demigod Delver)            Turns: 2499, Time: 00:07:05

Health: -1/42      AC:  4    Str: 17    XL:     5   Next: 8%
Magic:  7/7        EV: 12    Int: 12    God:
Gold:   111        SH:  0    Dex: 27    Spells: 2/4 levels left

rFire   . . .        a - +0 mace
rCold   . . .        (no shield)
rNeg    . . .        k - +0 leather armour
rPois   .            (no helmet)
rElec   .            (no cloak)
rCorr   .            (no gloves)
SInv    .            w - +0 pair of boots
Will    .....        (no amulet)
Stlth   +++          h - +6 ring of dexterity
HPRegen 0.27/turn    m - +6 ring of dexterity
MPRegen 0.10/turn

%: no passive effects
@: lethally poisoned (-1 -> -5)
A: high MP 1, forlorn, divine attributes
a: no special abilities


You were on level 4 of the Dungeon.
You visited 1 branch of the dungeon, and saw 5 of its levels.

You collected 210 gold pieces.
You spent 99 gold pieces at shops.

Inventory:

Hand Weapons
 a - a +0 mace (weapon)
 b - a +0 whip
Missiles
 t - 5 boomerangs (quivered)
 u - 2 poisoned darts
Armour
 j - a +0 chain mail
 k - a +0 leather armour (worn)
 w - a +0 pair of boots (worn)
Jewellery
 h - a +6 ring of dexterity (left hand)
 m - a +6 ring of dexterity (right hand)
 n - a +6 ring of intelligence
 o - a ring of positive energy
 E - a ring of see invisible
Wands
 g - a wand of digging (3)
Scrolls
 c - 3 scrolls of fog
 d - 4 scrolls of revelation
 e - a scroll of fear
 l - 6 scrolls of identify {unknown}
 v - a scroll of amnesia {unknown}
 x - 2 scrolls of teleportation {unknown}
 y - a scroll of blinking {unknown}
 C - a scroll of vulnerability {unknown}
 D - a scroll of noise {unknown}
Potions
 f - 3 potions of haste
 i - 3 potions of mutation {unknown}
 q - a potion of degeneration
 r - 2 potions of enlightenment
 s - a potion of magic {unknown}
 z - a potion of heal wounds {unknown}
 A - a potion of brilliance {unknown}
 B - a potion of attraction {unknown}


   Skills:
 - Level 2.6 Fighting
 + Level 5.1 Maces & Flails
 - Level 1.7 Dodging
 - Level 4.5 Stealth


You had 2 spell levels left.
You knew the following spells:

 Your Spells              Type           Power      Damage    Failure   Level
a - Blink                 Tloc           0%         N/A       52%         2

Your spell library contained the following spells:

 Spells                   Type           Power      Damage    Failure   Level
 Necrotise                Necr           0%         1d4       38%         1
 Cigotuvi's Dreadful Rot  Necr/Pois/Air  0%         N/A       52%         2
 Vampiric Draining        Necr           0%         2d6       77%         3
 Dispel Undead            Necr           0%         3d6       99%         4
 Manifold Assault         Tloc           0%         N/A       99%         4
 Agony                    Necr           0%         N/A       100%        5
 Death Channel            Necr           0%         N/A       100%        6


Dungeon Overview and Level Annotations

Branches:
Dungeon (5/15)             Temple (0/1) D:4

Shops:
D:2 !

Annotations:
D:4 exclusion: adder
D:5 exclusion: centaur


Innate Abilities, Weirdness & Mutations

You have an increased reservoir of magic. (+10% MP)
You shall have no god before yourself.
Your divine heritage dramatically boosts your attributes as you level up.


Message History

You barely miss the killer bee.
The killer bee is lightly wounded.
The killer bee closely misses you.
The killer bee stings you but does no damage.
The killer bee closely misses you.
The killer bee buzzes angrily.
You hit the killer bee.
The killer bee is heavily wounded.
The killer bee stings you. x2
You are poisoned.
The killer bee poisons you!
You closely miss the killer bee.
The killer bee is heavily wounded.
You feel sick. The killer bee barely misses you. The killer bee stings you.
You are more poisoned.
The killer bee poisons you!
You miss the killer bee.
The killer bee is heavily wounded.
You feel very sick. The killer bee stings you.
The killer bee closely misses you.
You hit the killer bee.
The killer bee is almost dead.
You feel very sick.
The killer bee stings you but does no damage.
The killer bee misses you.
You barely miss the killer bee.
The killer bee is almost dead.
You feel very sick. The killer bee barely misses you. x2
The killer bee stings you but does no damage.
You hit the killer bee.
The killer bee is almost dead.
You feel sick. The killer bee barely misses you.
The killer bee stings you but does no damage.
You closely miss the killer bee.
The killer bee is almost dead.
You feel sick. The killer bee stings you.
* * * LOW HITPOINT WARNING * * *
The killer bee stings you!
You die...

#############
#.........<.#
#.#########.#
#########@###....##>#
........#y##.....##.#
#........y..........#####
.#####.#...............##
#.#..#........###..#
#.#..###.y.##.# ##.# .
#.#...........####.# #
#.##.###............ #
#.##.# ###########..


You could see 2 killer bees.

Vanquished Creatures
  A scorpion (D:4)
  A killer bee (D:4)
  2 adders
  4 dart slugs
  7 ball pythons
  4 endoplasms
  5 giant cockroaches
  2 goblins
  3 hobgoblins
  A quokka (D:1)
  6 bats
  2 frilled lizards
  4 kobolds (D:2)
  4 rats
46 creatures vanquished.

Notes
Turn   | Place    | Note
-------+----------+-------------------------------------------
     0 | D:5      | drugrobin the Demigod Delver began the quest for the Orb.
     0 | D:5      | Reached XP level 1. HP: 18/18 MP: 3/3
    16 | D:5      | Noticed an ogre
    79 | D:5      | Noticed a centaur
   154 | D:4      | Reached skill level 2 in Maces & Flails
   222 | D:4      | Noticed a scorpion
   342 | D:2      | Reached XP level 2. HP: 25/25 MP: 4/4
   558 | D:2      | Found Utatetiy's Distillery.
   595 | D:2      | Bought a potion of curing for 33 gold pieces
   595 | D:2      | Bought a potion of degeneration for 11 gold pieces
   595 | D:2      | Bought a potion of enlightenment for 55 gold pieces
   815 | D:1      | Reached skill level 3 in Maces & Flails
  1032 | D:1      | Reached XP level 3. HP: 30/30 MP: 5/5
  1168 | D:1      | Learned a level 2 spell: Blink
  2141 | D:4      | Noticed a scorpion
  2237 | D:4      | Reached skill level 4 in Maces & Flails
  2237 | D:4      | Reached XP level 4. HP: 10/37 MP: 6/6
  2357 | D:4      | Found a staircase to the Ecumenical Temple.
  2388 | D:4      | Reached skill level 5 in Maces & Flails
  2388 | D:4      | Reached XP level 5. HP: 36/42 MP: 7/7
  2499 | D:4      | Slain by a killer bee

Illustrated notes

Levels and vault maps discovered:
D:1:      dpeg_arrival_tiny_j, layout_basic
D:2:      layout_basic, serial_bayou, serial_bayou_pond_d, serial_bayou_lake_a,
          serial_bayou_crossing, serial_bayou_pond_e, basic_altar, serial_shops,
          nicolae_shop_industrial_runoff
D:3:      layout_basic, mainiacjoe_overflow_surrounded_room
D:4:      layout_loops_ring, minmay_temple_entry_junction, serial_bayou_pond_c,
          minmay_misc_feat_iff, st_stairs_3, serial_bayou_lagoon_b
D:5:      layout_loops_ring, ebering_ghost_disaster_area, serial_park_tiny_pond,
          uniq_edmund

Skill      XL: |  1  2  3  4 |
---------------+-------------+-----
Maces & Flails | 2 3 4 5 |  5.1
Fighting       | |  2.6
Dodging        | |  1.7
Stealth        | |  4.5

Action                     |  1- 3 |  4- 6 || total
---------------------------+-------+-------++-------
  Melee: Mace              |    37 |    24 ||    61
         Whip              |   101 |       ||   101
  Throw: Boomerang         |    10 |     1 ||    11
         Dart              |     2 |       ||     2
    Use: Potion            |     4 |       ||     4
   Stab: Sleeping          |     5 |       ||     5
 Armour: Leather armour    |    36 |     5 ||    41
  Dodge: Dodged            |   101 |    20 ||   121

Table legend: (Time is in decaauts)
 A = Elapsed time spent in this place.
 B = Non-inter-level travel time spent in this place.
 C = Inter-level travel time spent in this place.
 D = Time resting spent in this place.
 E = Time spent auto-exploring this place.
 F = Levels seen in this place.
 G = Mean time per level.
                   A        B        C        D        E       F      G
               +--------+--------+--------+--------+--------+-----+--------+
         Total |   2556 |   2424 |    132 |     99 |   1415 |   5 |  511.2 |
       Dungeon |   2556 |   2424 |    132 |     99 |   1415 |   5 |  511.2 |
               +--------+--------+--------+--------+--------+-----+--------+

Top non-repeatable levels by time:
     D:2: 829 daAuts
     D:3: 667 daAuts
     D:1: 479 daAuts
     D:4: 478 daAuts
     D:5: 101 daAuts
